 Dungeon Crawl Stone Soup version 0.32-a0-433-g08bcfe7efd (webtiles) character file.

Game seed: 2880273974778368964

772 ezpacito the Trooper (level 7, -7/54 HPs)
             Began as a Demonspawn Chaos Knight on Feb 22, 2024.
             Was a Plaything of Xom.
             Mangled by Crazy Yiuf
             ... wielding a +4 quarterstaff of chaos
              (11 damage)
             ... on level 5 of the Dungeon.
             The game lasted 00:06:42 (4043 turns).

ezpacito the Trooper (Demonspawn Chaos Knight)      Turns: 4043, Time: 00:06:42

Health: -7/54      AC: 10    Str: 25    XL:     7   Next: 53%
Magic:  9/9        EV: 13    Int: 11    God:    Xom [......]
Gold:   481        SH:  0    Dex: 11    Spells: 5/9 levels left

rFire   . . .        a - +1 hand axe (chaos)
rCold   + . .        (no shield)
rNeg    + . .        n - +0 scale mail {rPois}
rPois   +            e - +0 helmet
rElec   .            (no cloak)
rCorr   .            g - +0 pair of gloves
SInv    .            o - +0 pair of boots
Will    .....        (no amulet) Stlth
                     d - ring of positive energy
HPRegen 0.29/turn    s - +6 ring of strength
MPRegen 0.11/turn

%: clarity
@: weakened, invisible
A: repulsion field 1, powered by pain 1, spiny 1, clarity, cold resistance 1,
strong 1
a: Renounce Religion


You were on level 5 of the Dungeon.
You worshipped Xom.
You were a very special plaything of Xom.
You visited 1 branch of the dungeon, and saw 6 of its levels.

You collected 525 gold pieces.
You spent 44 gold pieces at shops.

Inventory:

Hand Weapons
 a - a +1 hand axe of chaos (weapon)
Armour
 e - a +0 helmet (worn)
 g - a +0 pair of gloves (worn)
 n - a +0 scale mail of poison resistance (worn)
 o - a +0 pair of boots (worn)
Jewellery
 d - a ring of positive energy (left hand)
 s - a +6 ring of strength (right hand)
Wands
 b - a wand of roots (9)
Scrolls
 c - a scroll of butterflies
 f - 2 scrolls of teleportation
 k - a scroll of poison
 p - a scroll of enchant weapon
 q - 2 scrolls of blinking
Potions
 i - a potion of mutation
 j - 2 potions of haste
 l - 2 potions of heal wounds {unknown}
 m - 2 potions of berserk rage {unknown}
 r - 3 potions of attraction {unknown}


   Skills:
 * Level 4.1 Fighting
 * Level 3.8 Axes
 * Level 3.1 Armour
 * Level 2.7 Dodging
 + Level 1.9 Stealth
 * Level 2.4 Unarmed Combat
 + Level 1.7 Spellcasting
 + Level 1.7 Conjurations
 * Level 2.7 Necromancy
 + Level 1.4 Alchemy


You had 5 spell levels left.
You knew the following spells:

 Your Spells              Type           Power      Damage    Failure   Level
a - Necrotise             Necr           24%        1d5       24%         1
b - Sting                 Conj/Alch      16%        1d4       36%         1
c - Cigotuvi's Dreadful   Necr/Alch/Air  8%         N/A       52%         2

Your spell library contained the following spells:

 Spells                   Type           Power      Damage    Failure   Level
 Apportation              Tloc           0%         N/A       56%         1
 Summon Small Mammal      Summ           0%         N/A       56%         1
 Jinxbite                 Hex            0%         N/A       71%         2
 Dazzling Flash           Conj/Hex       4%         N/A       83%         3
 Call Canine Familiar     Summ           0%         N/A       91%         3
 Sigil of Binding         Hex            0%         N/A       91%         3
 Volatile Blastmotes      Fire/Tloc      0%         2d10      91%         3
 Dispel Undead            Necr           6%         3d8       93%         4
 Martyr's Knell           Necr/Summ      3%         N/A       99%         4
 Dimensional Bullseye     Hex/Tloc       0%         N/A       100%        4
 Yara's Violent Unravell  Hex/Alch       1%         3d3       100%        5
 Death Channel            Necr           3%         N/A       100%        6
 Starburst                Conj/Fire      1%         6d3       100%        6
 Enfeeble                 Hex            0%         N/A       100%        7
 Maxwell's Capacitive Co  Air            0%         ∞         100%        8


Dungeon Overview and Level Annotations

Branches:
Dungeon (6/15)
 Temple: D:4-7

Altars:

Shops:
D:2 !

Annotations:
D:5 Crazy Yiuf


Innate Abilities, Weirdness & Mutations

You are surrounded by a mild repulsion field. (EV +2)
You sometimes gain a little power by taking damage.
You are partially covered in sharp spines.
You possess an exceptional clarity of mind.
Your flesh is cold resistant. (rC+)
Your muscles are strong. (Str +4, Int/Dex -1)


Message History

You kill the ufetubus!
You closely miss the ufetubus. The ufetubus is struck by your spines.
The ufetubus hits you. The ufetubus closely misses you.
The ufetubus is struck by your spines. The ufetubus barely misses you.
The ufetubus misses you. The ufetubus attacks as it pursues you!
The ufetubus hits you but does no damage.
The ufetubus misses you.
You hit the ufetubus.
You kill the ufetubus!
You see here an iguana corpse.
Found a hammer.
Found a runed translucent door.
Crazy Yiuf shouts!
You open the door. You closely miss Crazy Yiuf. Crazy Yiuf misses you.
You closely miss Crazy Yiuf.
You hear the brisk rusting of a very distant drain.
Crazy Yiuf closely misses you.
Crazy Yiuf hits you with a +4 quarterstaff of chaos.
You hit Crazy Yiuf but do no damage. Crazy Yiuf is struck by your spines.
Crazy Yiuf hits you with a +4 quarterstaff of chaos!
You are electrocuted!
* * * LOW HITPOINT WARNING * * *
You hit Crazy Yiuf but do no damage.
Crazy Yiuf is lightly wounded.
Crazy Yiuf hits you with a +4 quarterstaff of chaos.
* * * LOW HITPOINT WARNING * * *
Crazy Yiuf burns you.
* * * LOW HITPOINT WARNING * * *
You feel better. Crazy Yiuf is struck by your spines.
Crazy Yiuf hits you with a +4 quarterstaff of chaos.
* * * LOW HITPOINT WARNING * * *
You feel better.
Crazy Yiuf hits you with a +4 quarterstaff of chaos!
* * * LOW HITPOINT WARNING * * *
You feel your attacks grow feeble.
It was a potion of invisibility.
You fade into invisibility!
Crazy Yiuf hits you with a +4 quarterstaff of chaos!
You die...

#.# #.##### #.#
#.....# ##.#
#.###.# ##.#.#
### #.#
#.##.##### #.#
.........#
#######.##
.)...###.# ###
###.#......#
###### #.#
#...##..#.......#
.. #.#
#...g@####......#
### #.# #)..###
##....## # #.#
### ###### # ###
# #


You could see Crazy Yiuf (unable to see you).

Vanquished Creatures
  Duvessa (D:5)
  A centaur (D:5)
  A bullfrog (D:6)
  2 scorpions (D:4)
  Dowan (D:5)
  A bombardier beetle (D:5)
  A jelly (D:5)
  A sleepcap (D:4)
  Ijyb (D:5)
  An iguana (D:5)
  An orc wizard (D:5)
  5 adders
  3 shadow imps
  3 white imps
  5 ufetubi
  A dart slug (D:2)
  A ribbon worm (D:2)
  8 orcs
  7 endoplasms
  3 giant cockroaches
  A hobgoblin (D:2)
  9 jackals
  8 kobolds
  2 quokkas
  A ball python (shapeshifter) (D:4)
  5 ball pythons
  5 bats
  3 frilled lizards
  5 goblins
  6 rats
93 creatures vanquished.

Vanquished Creatures (others)
  A jackal (D:4)
1 creature vanquished.

Grand Total: 94 creatures vanquished

Notes
Turn   | Place    | Note
-------+----------+-------------------------------------------
     0 | D:1      | ezpacito the Demonspawn Chaos Knight began the quest for
                  | the Orb.
     0 | D:1      | Reached XP level 1. HP: 18/18 MP: 1/1
    83 | D:1      | Reached skill level 1 in Dodging
   412 | D:1      | Gained mutation: You sometimes gain a little power by
                  | taking damage. [demonic ancestry]
   412 | D:1      | Reached XP level 2. HP: 24/24 MP: 2/2
   888 | D:2      | XOM: divination: detect items
   949 | D:2      | Found a transporter.
   951 | D:2      | Found Kiserghi's Distillery.
  1012 | D:2      | Learned a level 1 spell: Necrotise
  1054 | D:2      | XOM: potion effect (attraction)
  1063 | D:2      | Reached XP level 3. HP: 7/29 MP: 3/3
  1307 | D:2      | XOM: cloud trail
  1464 | D:2      | XOM: cloud trail
  1614 | D:2      | XOM: cloud trail
  1646 | D:2      | Reached skill level 1 in Unarmed Combat
  1667 | D:2      | Found a transporter.
  1682 | D:2      | Bought a potion of curing for 33 gold pieces
  1682 | D:2      | Bought a potion of degeneration for 11 gold pieces
  1710 | D:2      | XOM: silly message
  2271 | D:3      | XOM: cloud trail
  2274 | D:3      | XOM: 2-stop teleportation journey
  2277 | D:3      | XOM: noise
  2416 | D:3      | Reached XP level 4. HP: 27/35 MP: 5/5
  2427 | D:3      | XOM: 2-stop teleportation journey
  2510 | D:3      | XOM: noise
  2544 | D:3      | Learned a level 1 spell: Sting
  2547 | D:3      | Learned a level 2 spell: Cigotuvi's Dreadful Rot
  2548 | D:3      | XOM: noise
  2665 | D:3      | XOM: potion effect (brilliance)
  2669 | D:3      | Reached skill level 1 in Necromancy
  2791 | D:3      | XOM: confuse monster(s)
  2831 | D:3      | Found a faded altar of an unknown god.
  2913 | D:4      | Noticed a scorpion
  2916 | D:4      | XOM: summons friendly quasit
  2937 | D:4      | XOM: confuse monster(s)
  2944 | D:4      | XOM: confuse monster(s)
  2946 | D:4      | XOM: enchant monster (good)
  2948 | D:4      | Killed a scorpion
  2949 | D:4      | Reached skill level 1 in Stealth
  2949 | D:4      | Reached skill level 1 in Spellcasting
  2949 | D:4      | Reached XP level 5. HP: 41/41 MP: 6/6
  2982 | D:4      | Xom revived you
  2983 | D:4      | Gained mutation: Your flesh is cold resistant. (rC+)
                  | [potion of mutation]
  2983 | D:4      | Gained mutation: You possess an exceptional clarity of
                  | mind. [potion of mutation]
  2983 | D:4      | Gained mutation: Your muscles are strong. (Str +4, Int/Dex
                  | -1) [potion of mutation]
  3135 | D:4      | XOM: noise
  3163 | D:4      | Gained mutation: You are surrounded by a mild repulsion
                  | field. (EV +2) [demonic ancestry]
  3163 | D:4      | Reached XP level 6. HP: 43/48 MP: 7/7
  3163 | D:4      | a bombardier beetle changed into a glowing shapeshifter
  3163 | D:4      | Noticed a glowing shapeshifter (glowing shapeshifter)
  3163 | D:4      | XOM: polymorph bombardier beetle -> glowing shapeshifter
  3163 | D:4      | a glowing shapeshifter changed into a goblin
  3205 | D:4      | XOM: blink monster(s)
  3318 | D:4      | Reached skill level 1 in Conjurations
  3520 | D:4      | You fall into a shaft and drop 2 floors!
  3613 | D:6      | Reached skill level 1 in Alchemy
  3689 | D:5      | Entered Level 5 of the Dungeon
  3748 | D:5      | Noticed Duvessa
  3750 | D:5      | Noticed Dowan
  3758 | D:5      | XOM: fog
  3762 | D:5      | Killed Duvessa
  3765 | D:5      | Killed Dowan
  3766 | D:5      | Reached skill level 4 in Fighting
  3766 | D:5      | Gained mutation: You are partially covered in sharp spines.
                  | [demonic ancestry]
  3766 | D:5      | Reached XP level 7. HP: 33/54 MP: 9/9
  3856 | D:5      | Noticed Ijyb
  3861 | D:5      | Killed Ijyb
  4032 | D:5      | Found a runed translucent door.
  4033 | D:5      | Noticed Crazy Yiuf
  4040 | D:5      | HP: 2/54 [Crazy Yiuf/+4 quarterstaff of chaos (2)]
  4043 | D:5      | Mangled by Crazy Yiuf

Illustrated notes

Levels and vault maps discovered:
D:1:      ncdulo_halloftheorcs, layout_basic,
          amcnicky_mini_rare_corridor_liquid, minmay_stone_trees_large,
          hangedman_decor_growths, st_stairs_13
D:2:      layout_loops_corners, serial_shops, nicolae_shop_drivethru,
          minmay_hedge_maze, kennysheep_generic_room_3
D:3:      layout_loops_ring, shapermc_ecumenical_altar_hornbeckon
D:4:      minmay_polygon_palace, layout_cave_pools, serial_demonic,
          serial_demonic_c, serial_demonic_a, serial_demonic_d,
          serial_demonic_d, serial_demonic_d, serial_demonic_a,
          serial_demonic_c, serial_demonic_d
D:5:      layout_loops_ring, cheibrodos_sewer_entry_bend,
          uniq_crazy_yiuf_cottage, uniq_duvessa, uniq_ijyb
D:6:      layout_loops_cross, gammafunk_temple_overflow_claw

Skill      XL: |  1  2  3  4  5  6  7 |
---------------+----------------------+-----
Dodging        | 1 2 |  2.7
Armour         | 2 3 |  3.1
Unarmed Combat | 1 2 |  2.4
Axes           | 3 |  3.8
Necromancy     | 1 2 |  2.7
Stealth        | 1 |  1.9
Spellcasting   | 1 |  1.7
Conjurations   | 1 |  1.7
Alchemy        | 1 |  1.4
Fighting       | 4 |  4.1

Action                     |  1- 3 |  4- 6 |  7- 9 || total
---------------------------+-------+-------+-------++-------
  Melee: Hand axe          |   114 |   138 |    31 ||   283
    Use: Scroll            |     3 |     3 |       ||     6
         Potion            |       |     4 |     3 ||     7
   Stab: Confused          |     1 |     5 |       ||     6
         Sleeping          |       |     2 |       ||     2
         Petrified         |       |     5 |       ||     5
         Petrifying        |       |     1 |       ||     1
 Armour: Leather armour    |    78 |   106 |       ||   184
         Scale mail        |       |       |    36 ||    36
  Dodge: Dodged            |    82 |   117 |    25 ||   224

Table legend: (Time is in decaauts)
 A = Elapsed time spent in this place.
 B = Non-inter-level travel time spent in this place.
 C = Inter-level travel time spent in this place.
 D = Time resting spent in this place.
 E = Time spent auto-exploring this place.
 F = Levels seen in this place.
 G = Mean time per level.
                   A        B        C        D        E       F      G
               +--------+--------+--------+--------+--------+-----+--------+
         Total |   4070 |   3932 |    138 |    130 |   2922 |   6 |  678.3 |
       Dungeon |   4070 |   3932 |    138 |    130 |   2922 |   6 |  678.3 |
               +--------+--------+--------+--------+--------+-----+--------+

Top non-repeatable levels by time:
     D:2: 1157 daAuts
     D:3: 937 daAuts
     D:1: 868 daAuts
     D:4: 575 daAuts
     D:5: 360 daAuts
     D:6: 171 daAuts
